 Dungeon Crawl Stone Soup version 0.27-a0-1232-gc6a4cbde82 (webtiles) character file.

Game seed: 17261929279576461909

1180 hilljack the Ruffian (level 8, -4/48 HPs)
             Began as a Gargoyle Transmuter on June 9, 2021.
             Was a Believer of Nemelex Xobeh.
             Slain by Prince Ribbit (17 damage)
             ... on level 5 of the Dungeon.
             The game lasted 00:13:45 (6080 turns).

hilljack the Ruffian (Gargoyle Transmuter)          Turns: 6080, Time: 00:13:46

Health: -4/48      AC:  2    Str: 14    XL:     8   Next: 42%
Magic:  14/14      EV: 20    Int: 16    God:    Nemelex Xobeh [**....]
Gold:   45         SH:  0    Dex: 15    Spells: 6/15 levels left

rFire    . . .     SeeInvis .     - Unarmed
rCold    . . .     Faith    .   (shield currently unavailable)
rNeg     + . .     Spirit   .   (armour currently unavailable)
rPois    ∞         Reflect  .   (helmet currently unavailable)
rElec    .         Harm     .   (cloak currently unavailable)
rCorr    .         Rampage  .   (gloves currently unavailable)
Will     .....                  (boots currently unavailable)
Stlth    +.........             u - amulet of magic regeneration
HPRegen  0.16/turn              o - ring of wizardry
MPRegen  0.39/turn              k - ring of wizardry

@: spider-form (expiring)
A: venomous fangs, sickness immunity, AC +5, tiny, negative energy resistance 1,
(electricity resistance), torment resistance 1, petrification resistance
a: End Transformation, Renounce Religion, Draw Escape, Draw Destruction, Draw
Summoning


You were on level 5 of the Dungeon.
You worshipped Nemelex Xobeh.
Nemelex Xobeh was pleased with you.
You were a venomous arachnid creature.
You visited 1 branch of the dungeon, and saw 5 of its levels.

You collected 308 gold pieces.
You spent 263 gold pieces at shops.

Inventory:

Hand Weapons
 a - a +3 spear (melded)
 b - the +6 hunting sling "Gyqeo" {venom, rC- Dex+3}
   (You bought it in a shop on level 4 of the Dungeon)

   It poisons the ammo it fires.
   It affects your dexterity (+3).
   It makes you vulnerable to cold.
Missiles
 l - 45 poisoned darts
 m - 6 atropa-tipped darts
 s - 22 sling bullets
 t - 59 stones
Armour
 d - a +0 pair of gloves (melded)
 f - a +0 robe
 n - a +0 buckler
 r - a +0 cloak of willpower (melded)
 w - a +0 leather armour (melded)
Jewellery
 c - a ring of protection from cold
 k - a ring of wizardry (right front leg)
 o - a ring of wizardry (left front leg)
 u - an amulet of magic regeneration (around neck)
Wands
 e - a wand of iceblast (10)
 h - a wand of polymorph (5)
 i - a wand of acid (1)
Scrolls
 q - a scroll of identify
 v - a scroll of magic mapping {unknown}
 x - a scroll of summoning {unknown}
Potions
 g - 2 potions of mutation {unknown}
 j - a potion of ambrosia {unknown}
 p - 2 potions of curing


   Skills:
 + Level 4.1 Fighting
 + Level 3.8 Dodging
 - Level 5.0 Unarmed Combat
 + Level 4.0 Spellcasting
 + Level 3.6 Transmutations
 + Level 3.5 Poison Magic


You had 6 spell levels left.
You knew the following spells:

 Your Spells              Type           Power      Damage    Failure   Level
a - Beastly Appendage     Tmut           28%        N/A       3%          1
b - Wereblood             Tmut           14%        N/A       4%          2
c - Spider Form           Tmut/Pois      7%         N/A       8%          3
d - Frozen Ramparts       Ice            6%         1d2       24%         3

Your spell library contained the following spells:

 Spells                   Type           Power      Damage    Failure   Level
 Freeze                   Ice            12%        1d4       11%         1
 Confusing Touch          Hex            3%         N/A       24%         3
 Gell's Gravitas          Tloc           1%         N/A       24%         3
 Ozocubu's Armour         Ice            3%         N/A       24%         3
 Ice Form                 Ice/Tmut       9%         N/A       32%         4
 Petrify                  Tmut/Erth      9%         N/A       32%         4
 Hydra Form               Tmut           7%         N/A       41%         5
 Hailstorm                Conj/Ice       3%         3d3       54%         4
 Yara's Violent Unravell  Hex/Tmut       4%         3d4       61%         5
 Metabolic Englaciation   Hex/Ice        1%         N/A       83%         5


Dungeon Overview and Level Annotations

Branches:
Dungeon (5/15)
 Temple: D:4-7

Altars:
Nemelex Xobeh
Xom

Shops:
D:4 =:(!

Annotations:
D:5 Prince Ribbit


Innate Abilities, Weirdness & Mutations

You are a venomous arachnid creature.
You have poisonous fangs.
You are tiny and dextrous.
Your spellcasting is less reliable in this form.
Your armour is entirely melded.
You are incapable of wielding weapons or throwing items.
You are immune to sickness and miasma.
((Your stone body is resilient. (AC +5)))
You are immune to poison.
You resist negative energy. (rN+)
((You are resistant to electric shocks. (rElec)))
You are resistant to unholy torment.
You are immune to petrification.


Message History

You shoot a sling bullet.
The sling bullet closely misses Prince Ribbit.
Prince Ribbit blinks!
The +6 hunting sling "Gyqeo" {venom, rC- Dex+3} stops dripping with poison.
a - a +3 spear (weapon)
You hit Prince Ribbit.
Prince Ribbit is moderately wounded.
Prince Ribbit barely misses you. Prince Ribbit misses you.
You barely miss Prince Ribbit.
Prince Ribbit is moderately wounded.
Prince Ribbit closely misses you.
You hit Prince Ribbit.
Prince Ribbit is heavily wounded.
Prince Ribbit hits you! Prince Ribbit barely misses you.
You hit Prince Ribbit.
Prince Ribbit is heavily wounded.
Prince Ribbit hits you!
You are too injured to fight recklessly!
Casting: Spider Form (dangerous; 4% risk of failure)
Press: ? - help, Q - select action, (/) - cycle Dir - look around, f - activate You turn into a venomous arachnid creature.
Your +3 spear melds into your body.
Your +0 cloak of willpower melds into your body.
Your +0 pair of gloves melds into your body.
Your +0 leather armour melds into your body.
You feel less strong-willed. Prince Ribbit barely misses you. x2
You closely miss Prince Ribbit.
Prince Ribbit is heavily wounded.
Prince Ribbit closely misses you.
Your transformation is almost over.
Prince Ribbit closely misses you. Prince Ribbit misses you.
You closely miss Prince Ribbit.
Prince Ribbit is severely wounded.
Prince Ribbit hits you!
* * * LOW HITPOINT WARNING * * *
Prince Ribbit hits you!
You die...
Your body glows slightly and disappears. ≈⌠. #.....# ≈≈. #.....# ≈≈. #.....# ♣ ≈⌠. #.....# ♣.♣♣ ... #.....# P♣.♣ ... #.#.### PPP♣

... #.....#
...# ...
#...#######..##
≈⌠.
#...sF........#
≈≈.
##########..#.#
≈≈. #.## ≈⌠.
#.# ... #(# ...
... ..# .(#


You could see Prince Ribbit (poisoned).

Vanquished Creatures
  Sigmund (D:4)
  A water moccasin (D:5)
  A necrophage (D:4)
  A gnoll sergeant (D:5)
  2 scorpions (D:5)
  A water moccasin skeleton (D:5)
  6 killer bees (D:4)
  A hound (D:4)
  2 iguanas (D:5)
  A jelly (D:5)
  Ijyb (D:3)
  4 gnolls
  8 adders
  An ufetubus (D:4)
  An adder skeleton (D:4)
  2 worms (D:2)
  A dart slug (D:1)
  2 orcs (D:3)
  9 ball pythons
  11 endoplasms
  4 giant cockroaches
  8 goblins
  5 hobgoblins
  9 jackals
  5 kobolds
  4 quokkas
  3 bats
  3 frilled lizards
  4 rats
102 creatures vanquished.

Notes
Turn   | Place    | Note
-------+----------+-------------------------------------------
     0 | D:1      | hilljack the Gargoyle Transmuter began the quest for the
                  | Orb.
     0 | D:1      | Reached XP level 1. HP: 12/12 MP: 3/3
   267 | D:1      | Reached XP level 2. HP: 11/16 MP: 5/5
   821 | D:1      | Reached XP level 3. HP: 20/20 MP: 6/6
   834 | D:1      | Found a faded altar of an unknown god.
   885 | D:1      | Became a worshipper of Nemelex Xobeh the Trickster
   885 | D:1      | Reached * piety under Nemelex Xobeh
   900 | D:1      | Received a gift from Nemelex Xobeh
  1356 | D:2      | HP: 1/20 [worm (2)]
  1712 | D:2      | Reached XP level 4. HP: 19/25 MP: 7/7
  1812 | D:2      | Found a shimmering altar of Xom.
  2228 | D:3      | Noticed Ijyb
  2292 | D:3      | Learned a level 2 spell: Wereblood
  2296 | D:3      | Learned a level 3 spell: Spider Form
  2483 | D:3      | Killed Ijyb
  2484 | D:3      | Reached skill level 4 in Unarmed Combat
  2766 | D:3      | Reached XP level 5. HP: 30/30 MP: 8/8
  2868 | D:3      | Reached ** piety under Nemelex Xobeh
  3082 | D:2      | Reached skill level 1 in Poison Magic
  3329 | D:4      | Noticed Sigmund
  3383 | D:4      | Found Gisit's Distillery.
  3391 | D:4      | Bought a potion of might for 56 gold pieces
  3391 | D:4      | Bought a potion of lignification for 42 gold pieces
  3391 | D:4      | Bought a potion of curing for 42 gold pieces
  3472 | D:4      | Noticed a necrophage
  3483 | D:4      | Reached XP level 6. HP: 25/35 MP: 8/10
  3483 | D:4      | Killed a necrophage
  3485 | D:4      | Reached XP level 7. HP: 30/40 MP: 8/11
  3752 | D:4      | Found Vinen's Book Boutique.
  3896 | D:4      | Learned a level 3 spell: Frozen Ramparts
  4006 | D:4      | Found Etaup's Jewellery Shop.
  4047 | D:4      | Killed Sigmund
  4257 | D:4      | Found Suph's Antique Weapon Shoppe.
  4266 | D:4      | Bought an ichor-stained hunting sling for 123 gold pieces
  4266 | D:4      | Identified the +6 hunting sling "Gyqeo" {venom, rC- Dex+3}
                  | (You bought it in a shop on level 4 of the Dungeon)
  4669 | D:5      | Entered Level 5 of the Dungeon
  4746 | D:5      | Reached XP level 8. HP: 17/46 MP: 11/13
  5198 | D:5      | Reached skill level 5 in Unarmed Combat
  6061 | D:5      | Noticed Prince Ribbit
  6080 | D:5      | Slain by Prince Ribbit

Illustrated notes

Levels and vault maps discovered:
D:1:      minmay_arrival_doors, layout_loops_cross,
          chequers_ecumenical_altar_island, minmay_misc_feat_pillars,
          ebering_dispersal_statue_hall
D:2:      minmay_wonky_spiral, layout_rooms, basic_altar, serial_corexii_hall,
          chequers_hall_statues_corner_a, corexii_hall_statues_x
D:3:      layout_loops_ring, uniq_ijyb
D:4:      layout_loops_ring, serial_shops, shop, nicolae_shop_behind_doors,
          shop, shop, uniq_sigmund
D:5:      layout_basic, kennysheep_dice, uniq_prince_ribbit1,
          uniq_crazy_yiuf_cottage

Skill      XL: |  1  2  3  4  5  6  7  8 |
---------------+-------------------------+-----
Dodging        | 2 3 |  3.8
Transmutations | 2 3 |  3.6
Unarmed Combat | 4 5 |  5.0
Poison Magic   | 1 2 3 |  3.5
Fighting       | 2 3 4 |  4.1
Spellcasting   | 3 4 |  4.0

Action                   |  1- 3 |  4- 6 |  7- 9 || total
-------------------------+-------+-------+-------++-------
Melee: Unarmed           |   157 |       |    32 ||   189
       Punch             |     1 |     1 |     1 ||     3
       Spear             |       |   151 |    93 ||   244
       Headbutt          |       |     1 |       ||     1
 Fire: Hunting sling     |       |       |    25 ||    25
 Cast: Beastly Appendage |     3 |     1 |       ||     4
       Spider Form       |       |       |     8 ||     8
Invok: Draw Destruction  |       |     1 |       ||     1
Evoke: Wand              |       |     4 |     2 ||     6
  Use: Potion            |     1 |     1 |     2 ||     4
       Scroll            |       |     5 |       ||     5
 Stab: Sleeping          |     1 |     3 |       ||     4
Armor: Robe              |    53 |    59 |    31 ||   143
       Skin              |       |     7 |    18 ||    25
Dodge: Dodged            |    78 |    79 |   124 ||   281

Table legend: (Time is in decaauts)
 A = Elapsed time spent in this place.
 B = Non-inter-level travel time spent in this place.
 C = Inter-level travel time spent in this place.
 D = Time resting spent in this place.
 E = Time spent auto-exploring this place.
 F = Levels seen in this place.
 G = Mean time per level.
                   A        B        C        D        E       F      G
               +--------+--------+--------+--------+--------+-----+--------+
         Total |   6112 |   5765 |    347 |   1525 |   3272 |   5 | 1222.4 |
       Dungeon |   6112 |   5765 |    347 |   1525 |   3272 |   5 | 1222.4 |
               +--------+--------+--------+--------+--------+-----+--------+

Top non-repeatable levels by time:
     D:4: 1596 daAuts
     D:1: 1374 daAuts
     D:2: 1117 daAuts
     D:3: 1040 daAuts
     D:5: 983 daAuts
